 Dungeon Sprint DCSS version 0.16-a0-3807-g3748f16 (webtiles) character file.

1080 BluebellGnoll the Fighter (level 8, -6/92 HPs)
             Began as an Ogre Arcane Marksman on Jan 27, 2015.
             Was a High Priest of Vehumet.
             Mangled by a spriggan rider
             ... wielding a +0 spear
              (20 damage)
             ... in the Dungeon (Sprint V: "Ziggurat Sprint").
             The game lasted 00:07:30 (383 turns).

BluebellGnoll the Fighter (Ogre Arcane Marksman)     Turns: 383, Time: 00:07:30

Health: -6/92      AC: 17    Str: 23    XL:     8   Next: 29%
Magic:  17/18      EV:  8    Int: 19    God:    Vehumet [*****.]
Gold:   0          SH:  0    Dex: 15    Spells: 3 memorised, 8 levels left

rFire  + + .     SeeInvis .     u - +6 shillelagh "Devastator" {shatter}
rCold  x . .     Clarity  .     K - +5 fire dragon armour
rNeg   . . .     SustAb   .     (shield restricted)
rPois  .         Gourm    .     (helmet restricted)
rElec  .         Spirit   .     (no cloak)
rCorr  .         Warding  .     (gloves unavailable)
rMut   .         NoTele   +     (boots unavailable)
MR     .....                    (no amulet)
Stlth  ..........               v - +6 ring of strength
                                q - +6 ring of dexterity (curse)

@: brilliant, not resistant to hostile enchantments, extremely unstealthy
A: unfitting armour, tough skin 1
a: Renounce Religion


You were in the Dungeon.
You worshipped Vehumet.
Vehumet was extremely pleased with you.
You were not hungry.

You visited 1 branch

Inventory:

Hand weapons
 a - a cursed +5 demon whip
 u - the +6 shillelagh "Devastator" (weapon) {shatter}
   (You found it in the Dungeon)
 w - the cursed +14 obsidian axe {chop, +Fly Str+3 SInv Curse}
   (You found it in the Dungeon)

   It inflicts extra damage upon your enemies.
   It affects your strength (+3).
   It enhances your eyesight.
   It lets you fly.
   It may recurse itself when equipped.
   It has a curse placed upon it.
Missiles
 b - 3 large rocks (quivered)
 c - 2 throwing nets
Armour
 r - the +18 shield of the gong {rElec rN+ MR+ EV-5}
   (You found it in the Dungeon)

   It affects your evasion (-5).
   It insulates you from electricity.
   It protects you from negative energy.
   It affects your resistance to hostile enchantments.
 K - a +5 fire dragon armour (worn)
 N - a +5 gold dragon armour
 O - a +5 ice dragon armour
Magical staves
 p - an uncursed staff of energy
Rods
 S - a +4 rod of shadows (10/14)
   (You took it off an orc priest in the Dungeon)
Jewellery
 q - a cursed +6 ring of dexterity (left hand)
 s - a +6 ring of intelligence
 t - a +6 ring of intelligence
 v - a +6 ring of strength (right hand)
Magical devices
 l - a wand of disintegration (7)
 m - a wand of fire (4)
 n - a wand of cold (5)
 o - a wand of draining (5)
Scrolls
 k - 4 scrolls of blinking
 y - 4 scrolls of amnesia
 A - 3 scrolls of recharging
 B - 7 scrolls of fog
 C - a scroll of holy word
 D - 5 scrolls of identify
 E - 5 scrolls of remove curse
 F - 2 scrolls of fear
Potions
 e - 10 potions of curing
 g - 10 potions of heal wounds
 h - 6 potions of haste
 i - 7 potions of magic
 j - 3 potions of berserk rage
 G - a potion of brilliance
 H - 2 potions of invisibility
 I - 2 potions of restore abilities
 J - 4 potions of resistance
 L - 5 potions of agility
 M - 5 potions of might
Books
 d - a book of Debilitation

   Spells                             Type                      Level
   a - Corona                         Hexes                        1
   b - Slow                           Hexes                        2
   c - Inner Flame                    Hexes/Fire                   3
   d - Enslavement                    Hexes                        4
   e - Cause Fear                     Hexes                        4
   f - Leda's Liquefaction            Hexes/Earth                  4
 P - a book of Power

   Spells                             Type                      Level
   a - Fulminant Prism                Conjuration/Hexes            4
   b - Iskenderun's Mystic Blast      Conjuration                  4
   c - Venom Bolt                     Conjuration/Poison           5
   d - Bolt of Magma                  Conjuration/Fire/Earth       5
   e - Iron Shot                      Conjuration/Earth            6
   f - Orb of Destruction             Conjuration                  7
   g - Spellforged Servitor           Conjuration/Summoning        7
 Q - a book of Clouds

   Spells                             Type                      Level
   a - Mephitic Cloud                 Conjuration/Poison/Air       3
   b - Conjure Flame                  Conjuration/Fire             3
   c - Poisonous Cloud                Conjuration/Poison/Air       6
   d - Freezing Cloud                 Conjuration/Ice/Air          6
   e - Ring of Flames                 Charms/Fire                  7
 T - the Reference Book on the Entourage and Weightlessness
   (You found it in the Dungeon)

   Spells                             Type                      Level
   a - Summon Butterflies             Summoning                    1
   b - Mephitic Cloud                 Conjuration/Poison/Air       3
   c - Recall                         Summoning/Translocation      3
   d - Summon Lightning Spire         Summoning/Air                4
   e - Dragon's Call                  Summoning                    9
Miscellaneous
 U - a lamp of fire
Comestibles
 f - 5 meat rations
 x - 42 fruits
 z - 4 bread rations
 R - 8 chunks of flesh


   Skills:
 - Level 9.0 Fighting
 - Level 6.1 Maces & Flails
 - Level 2.1 Throwing
 - Level 8.2 Armour
 - Level 1.7 Dodging
 - Level 6.7 Shields
 - Level 4.2 Spellcasting
 + Level 7.0 Conjurations
 - Level 2.1 Hexes


You had 8 spell levels left.
You knew the following spells:

 Your Spells              Type           Power        Failure   Level  Hunger
a - Corona                Hex            ###....      2%          1    None
b - Mephitic Cloud        Conj/Pois/Air  ###.....     6%          3    ###....
r - Regeneration          Chrm/Necr      ###.......   21%         3    ###....


Dungeon Overview and Level Annotations

Branches:
Dungeon (1/1)

Altars:
Ashenzari
Cheibriados
Dithmenos
Elyvilon
Fedhas
Gozag
Kikubaaqudgha
Makhleb
Nemelex Xobeh
Okawaru
Qazlal
Ru
Sif Muna
Trog
Vehumet
Xom
Yredelemnul
Zin
The Shining One
Beogh
Jiyva
Lugonu


Innate Abilities, Weirdness & Mutations

You are too large for most types of armour.
You have tough skin (AC +1).


Message History

You are too injured to fight recklessly!
Unknown command.
You are too injured to fight recklessly!
You sock the spriggan rider!
You kill the wasp!
Vehumet accepts your kill.
You feel your power returning.
Your Conjurations skill increases to level 7!
The spriggan jumps down from its now dead mount.
The spriggan shudders.
The spriggan is heavily wounded. x2
The spriggan rider looks very confused.
The spriggan hits you but does no damage.
Unknown command.
Unknown command.
The spriggan blocks your attack.
The spriggan is heavily wounded.
The spriggan rider seems less confused.
The spriggan rider hits you from afar with a spear!!
You die...

.8©8
▓..))[..▓
▓..}:|..▓
▓.......▓
▓...†...▓
▓.......▓
▓..i....▓
▓.▓)..▓.▓
▓.i@..ih▓
▓▓▓▓▓▓▓▓▓


You could see 2 spriggan riders, a black bear (frenzied) and a spriggan.

Vanquished Creatures
  A spriggan druid (D)
  A guardian mummy (D)
  A wolf (D)
  A phantom (D)
  A wasp (D)
  A quasit (D)
  2 orc priests (D)
  2 iron imps (D)
  2 mummies (D)
  A shadow imp (D)
  A white imp (D)
  2 ufetubi (D)
  An adder zombie (D)
  2 orcs (D)
  A bat zombie (D)
  A hobgoblin (D)
  A giant cockroach (D)
  A giant cockroach zombie (D)
23 creatures vanquished.

Vanquished Creatures (others)
  A spatial maelstrom (D)
1 creature vanquished.

Grand Total: 24 creatures vanquished

Notes
Turn   | Place    | Note
--------------------------------------------------------------
     0 | D        | BluebellGnoll, the Ogre Arcane Marksman, began the quest for the Orb.
     0 | D        | Reached XP level 1. HP: 19/19 MP: 2/2
     0 | D        | Found a viscous altar of Jiyva.
     0 | D        | Found a corrupted altar of Lugonu.
     0 | D        | Found a white marble altar of Elyvilon.
     2 | D        | Found a sparkling altar of Nemelex Xobeh.
     2 | D        | Found a burning altar of Makhleb.
     3 | D        | Found a deep blue altar of Sif Muna.
     3 | D        | Found a bloodstained altar of Trog.
     7 | D        | Found an iron altar of Okawaru.
    14 | D        | Banished a spatial maelstrom
    16 | D        | Found a radiant altar of Vehumet.
    23 | D        | Found a basalt altar of Yredelemnul.
    24 | D        | Found a shimmering altar of Xom.
    31 | D        | Reached skill level 6 in Shields
    31 | D        | Reached XP level 2. HP: 27/27 MP: 3/3
    56 | D        | Became a worshipper of Vehumet
    63 | D        | Entered arena 1.
    63 | D        | Noticed a phantom
    66 | D        | Reached skill level 1 in Maces & Flails
    74 | D        | Killed a phantom
    74 | D        | Reached XP level 3. HP: 26/45 MP: 4/4
    74 | D        | Reached XP level 4. HP: 30/53 MP: 6/6
   204 | D        | Entered arena 2.
   204 | D        | Noticed a guardian mummy
   210 | D        | Acquired Vehumet's first power
   210 | D        | Offered knowledge of Sting by Vehumet.
   210 | D        | Reached skill level 1 in Armour
   212 | D        | Killed a guardian mummy
   212 | D        | Reached skill level 8 in Armour
   212 | D        | Reached XP level 5. HP: 48/61 MP: 7/7
   212 | D        | Reached XP level 6. HP: 53/68 MP: 8/8
   229 | D        | Learned a level 3 spell: Regeneration
   284 | D        | Entered arena 3.
   284 | D        | Noticed an iron imp
   289 | D        | Killed an iron imp
   301 | D        | Learned a level 3 spell: Mephitic Cloud
   304 | D        | Entered arena 4.
   304 | D        | Noticed an orc priest
   304 | D        | Noticed an orc priest
   305 | D        | Identified a +4 rod of shadows (9/14)
   307 | D        | Killed an orc priest
   307 | D        | Acquired Vehumet's second power
   310 | D        | Killed an orc priest
   310 | D        | Reached XP level 7. HP: 70/80 MP: 11/13
   321 | D        | Identified the Reference Book on the Entourage and Weightlessness (You found it in the Dungeon)
   325 | D        | Entered arena 5.
   325 | D        | Noticed a quasit
   325 | D        | Noticed an iron imp
   326 | D        | Acquired Vehumet's third power
   329 | D        | Killed a quasit
   332 | D        | Killed an iron imp
   334 | D        | Reached skill level 9 in Fighting
   368 | D        | Entered arena 6.
   368 | D        | Noticed a black bear
   368 | D        | Noticed a wolf
   368 | D        | Noticed a spriggan rider
   368 | D        | Noticed a spriggan rider
   368 | D        | Noticed a spriggan rider
   368 | D        | Noticed a spriggan druid
   370 | D        | Killed a wolf
   370 | D        | Offered knowledge of Throw Flame by Vehumet.
   376 | D        | Killed a spriggan druid
   376 | D        | Reached XP level 8. HP: 63/92 MP: 14/18
   382 | D        | Killed a wasp
   383 | D        | Mangled by a spriggan rider

Action                   |  1- 3 |  4- 6 |  7- 9 || total
-------------------------+-------+-------+-------++-------
Melee: Shillelagh        |     8 |    11 |    18 ||    37
Throw: Large rock        |     1 |     3 |       ||     4
       Throwing net      |       |     1 |       ||     1
 Cast: Mephitic Cloud    |       |       |     2 ||     2
Evoke: Wand              |       |       |     1 ||     1
  Use: Potion            |     1 |       |     1 ||     2
 Stab: Confused          |       |       |     1 ||     1
